[Event "Team 45 45 League T73"]
[Site "Internet Chess Club"]
[Date "2017.07.20"]
[Round "5"]
[White "anna"]
[Black "ANGELLR"]
[Result "1-0"]
[WhiteElo "1872"]
[BlackElo "1799"]
[Opening "French: advance variation"]
[ECO "C02"]
[Time "18:00:28"]
[TimeControl "2700+45"]

1. e4 e6 2. d4 d5 3. e5 c5 4. c3 Qb6 5. Nf3 Nc6 6. a3 c4 7. Nbd2 Na5 8. Be2 Bd7
9. O-O Ne7 10. Rb1 Ng6 11. g3 Be7 12. Qc2 f5 13. exf6 gxf6 14. b3 cxb3 15. Nxb3
Ba4 16. Nfd2 Rc8 17. Bh5 Rg8 18. Re1 Nc4 19. Qd3 Nxd2 20. Bxd2 Bxb3 21. Qe3 Rc7
22. Bd1 Kf7 23. Rxb3 Qc6 24. Bh5 Bd8 25. c4 dxc4 26. Qh6 Rg7 27. Rbe3 Re7 28.
Bb4 Re8 29. Bg4 e5 30. dxe5 Rxe5 31. Bf3 Qc7 32. Rxe5 fxe5 33. Bd5+ Ke8 34. Bxc4
Bf6 35. Bb5+ Kd8 36. Rd1+ Kc8 37. Rc1 Qxc1+ 38. Qxc1+ Rc7 39. Qd1 Bg5 40. Qg4+
{Black resigns} 1-0

[Event "Team 45 45 League T73"]
[Site "Internet Chess Club"]
[Date "2017.07.13"]
[Round "5"]
[White "Bryant-L"]
[Black "vjbaker"]
[Result "1-0"]
[WhiteElo "1714"]
[BlackElo "1799"]
[Opening "Sicilian: Grand Prix attack"]
[ECO "B23"]
[Time "13:32:45"]
[TimeControl "2700+45"]

1. e4 c5 2. Nc3 Nc6 3. f4 g6 4. Nf3 Bg7 5. Bb5 Nd4 6. O-O a6 7. Bc4 e6 8. a4 Ne7
9. Ne2 d5 10. Nexd4 cxd4 11. Bd3 dxe4 12. Bxe4 O-O 13. Qe2 Rb8 14. Ne5 Qc7 15.
d3 b5 16. Bf3 Bb7 17. Bxb7 Rxb7 18. Qe4 Rd8 19. Re1 Rbb8 20. Re2 Rd5 21. axb5
axb5 22. Ra6 Qb7 23. Ra1 Nf5 24. Bd2 Qc7 25. Ba5 Qd6 26. Nxf7 Qd7 27. Ng5 Ne3
28. Qxe6+ Qxe6 29. Nxe6 Bh6 30. Nxd4 Nxg2 31. Kxg2 Rxd4 32. Bc7 Rc8 33. Be5 Rd7
34. Ra5 Re8 35. Kf3 Rf7 36. Rxb5 g5 37. Rb8 Rxb8 38. Bxb8 gxf4 39. Re4 Rb7 40.
Be5 Kf7 41. b4 Kg6 42. Bxf4 Bg7 43. Bd6 Rf7+ 44. Rf4 Rd7 45. Bc5 {Black resigns}
1-0

[Event "Team 45 45 League T73"]
[Site "Internet Chess Club"]
[Date "2017.07.13"]
[Round "5"]
[White "moodle"]
[Black "justice02"]
[Result "0-1"]
[WhiteElo "1599"]
[BlackElo "1661"]
[Opening "French: advance, Paulsen attack"]
[ECO "C02"]
[Time "12:01:18"]
[TimeControl "2700+45"]

1. e4 e6 2. d4 d5 3. e5 c5 4. c3 Nc6 5. Nf3 Qb6 6. a3 Bd7 7. b4 cxd4 8. cxd4
Nge7 9. Be2 Nf5 10. Bb2 a5 11. b5 Nb8 12. a4 Na6 13. O-O Nb4 14. Bd3 Nxd3 15.
Qxd3 Be7 16. Nbd2 O-O 17. Rac1 Rac8 18. Nb3 g6 19. Rfd1 Qa7 20. h3 b6 21. Rc3
Bb4 22. Rcc1 Qb8 23. Bc3 Rc4 24. Bxb4 Rxb4 25. Ra1 Rc8 26. Nbd2 Rc7 27. Rdb1
Rxb1+ 28. Rxb1 Qc8 29. Ra1 h5 30. Kh2 Kg7 31. Ra3 Rc1 32. Nb3 Rc3 33. Qd1 Qc4
34. Nxa5 bxa5 35. Rxc3 Qxc3 36. Qb1 Nxd4 37. Nxd4 Qxd4 {White resigns} 0-1

[Event "Team 45 45 League T73"]
[Site "Internet Chess Club"]
[Date "2017.07.14"]
[Round "5"]
[White "QuieroAprender"]
[Black "viktory"]
[Result "1/2-1/2"]
[WhiteElo "1618"]
[BlackElo "1658"]
[Opening "QGD: 3...Nf6"]
[ECO "D35"]
[Time "20:04:26"]
[TimeControl "2700+45"]

1. d4 d5 2. c4 e6 3. Nc3 Nf6 4. f4 Nbd7 5. c5 c6 6. b4 b6 7. Nf3 a5 8. bxa5 bxc5
9. Ne5 Qc7 10. e3 cxd4 11. exd4 Bb4 12. Bd2 Bxa5 13. Bd3 Ba6 14. Qe2 Bxd3 15.
Qxd3 O-O 16. O-O Bb6 17. Kh1 Rac8 18. Rf3 c5 19. Nb5 Qb8 20. Rh3 h6 21. Nxd7
Nxd7 22. f5 c4 23. Qg3 Qxg3 24. Rxg3 Kh7 25. a4 Bc7 26. fxe6 fxe6 27. Rf3 Rf6
28. a5 e5 29. a6 Bd8 30. a7 Ra8 31. Ba5 Bxa5 32. Rxa5 Rb6 33. h3 Rb7 34. Rf7 Kg6
35. Rf1 exd4 36. Nxd4 Raxa7 37. Rxd5 {Game drawn by mutual agreement} 1/2-1/2

[Event "Team 45 45 League T73"]
[Site "Internet Chess Club"]
[Date "2017.07.23"]
[Round "5"]
[White "fledermaus"]
[Black "laurenpar"]
[Result "1/2-1/2"]
[WhiteElo "1855"]
[BlackElo "1925"]
[Opening "Réti opening"]
[ECO "A96"]
[Time "07:07:54"]
[TimeControl "2700+45"]

1. Nf3 e6 2. c4 f5 3. g3 Nf6 4. Bg2 Be7 5. O-O O-O 6. Nc3 d6 7. d4 Ne4 8. Qc2
Nxc3 9. Qxc3 a5 10. Re1 Nc6 11. e4 fxe4 12. Rxe4 Bf6 13. Re2 e5 14. dxe5 Nxe5
{Game drawn by mutual agreement} 1/2-1/2

[Event "Team 45 45 League T73"]
[Site "Internet Chess Club"]
[Date "2017.07.18"]
[Round "5"]
[White "cadmiumorange"]
[Black "jonesey"]
[Result "1-0"]
[WhiteElo "1812"]
[BlackElo "1879"]
[Opening "Réti opening"]
[ECO "A04"]
[Time "14:22:02"]
[TimeControl "2700+45"]

1. Nf3 c5 2. g3 g6 3. Bg2 Bg7 4. O-O d5 5. d3 Nf6 6. Nbd2 O-O 7. e4 dxe4 8. dxe4
Nc6 9. Re1 Qc7 10. a4 Rd8 11. Qe2 Bg4 12. c3 Ne5 13. h3 Bxf3 14. Nxf3 Nd3 15.
Rd1 Nxc1 16. Raxc1 e5 17. Qc4 Nd7 18. Rd5 Nb6 19. Rxc5 Qd6 20. Qb5 a6 21. Qa5
Bf8 22. b4 Qf6 23. Rc7 Rd5 24. exd5 Nc4 25. Rxc4 b6 26. Rc6 bxa5 27. Rxf6 e4 28.
Ng5 Be7 29. Nxe4 Bxf6 30. Nxf6+ Kg7 31. Ne4 Rc8 32. bxa5 {Black resigns} 1-0

[Event "Team 45 45 League T73"]
[Site "Internet Chess Club"]
[Date "2017.07.14"]
[Round "5"]
[White "LazyPeon"]
[Black "ChessRooklift"]
[Result "0-1"]
[WhiteElo "1637"]
[BlackElo "1754"]
[Opening "Queen's pawn: Lundin (Kevitz-Mikenas) defense"]
[ECO "A40"]
[Time "15:04:23"]
[TimeControl "2700+45"]

1. d4 Nc6 2. d5 Ne5 3. e4 d6 4. f4 Ng6 5. Nf3 c6 6. c4 Bg4 7. Nc3 Nh4 8. Be2
Nxg2+ 9. Kf2 Bxf3 10. Bxf3 Nh4 11. Bg4 Nf6 12. Re1 Qb6+ 13. Kg3 h5 14. Bh3 Ng4
15. Bxg4 hxg4 16. Qxg4 g6 17. Qe2 Bg7 18. Be3 Qc7 19. Rad1 Bf6 20. Bd4 Bxd4 21.
Rxd4 Qd7 22. Qg4 f5 23. Qe2 fxe4 24. Rxe4 O-O-O 25. Qg4 Nf5+ 26. Kf3 Rxh2 27.
Qxg6 Nh4+ {White resigns} 0-1

[Event "Team 45 45 League T73"]
[Site "Internet Chess Club"]
[Date "2017.07.15"]
[Round "5"]
[White "Percival"]
[Black "JJ12"]
[Result "1-0"]
[WhiteElo "1991"]
[BlackElo "2110"]
[Opening "Benkö gambit accepted"]
[ECO "A58"]
[Time "20:01:06"]
[TimeControl "2700+45"]

1. d4 Nf6 2. c4 c5 3. d5 b5 4. cxb5 a6 5. bxa6 g6 6. Nc3 Bg7 7. e4 O-O 8. Nf3 d6
9. Be2 Bxa6 10. O-O Qb6 11. Re1 Nbd7 12. a4 Bxe2 13. Qxe2 Rfb8 14. Nb5 Ne8 15.
Nd2 Nc7 16. Nc4 Qb7 17. Nxc7 Qxc7 18. Ra3 Nb6 19. b3 Nxc4 20. Qxc4 Qa5 21. Re2
Bd4 22. Bd2 Qa6 23. Qxa6 Rxa6 24. Be3 Bf6 25. f3 Rab6 26. Rea2 Rxb3 27. Rxb3
Rxb3 28. Kf2 Rb6 29. a5 Ra6 30. Ke2 Bc3 31. Bd2 Bxd2 32. Kxd2 Kf8 33. Kc3 Ke8
34. Kc4 Kd7 35. Kb5 Ra8 36. a6 Kc7 37. Ka5 e5 38. dxe6 fxe6 39. f4 Rc8 40. Rb2
c4 41. Rb7+ Kc6 42. Kb4 Ra8 43. Kxc4 Rxa6 44. Rxh7 Ra2 45. g3 d5+ 46. exd5+
exd5+ 47. Kd4 Ra4+ 48. Kc3 Ra2 49. Rh6 Kc5 50. Kb3 Rf2 51. Rxg6 Rxh2 52. Kc3 Rf2
53. Kd3 Ra2 54. f5 d4 55. Rg8 Ra3+ 56. Ke4 Re3+ 57. Kf4 Re1 58. Rc8+ Kd5 59.
Rd8+ Kc4 60. g4 d3 61. f6 Kc3 62. g5 d2 63. g6 d1=Q 64. Rxd1 Rxd1 65. Ke5 Re1+
66. Kd6 Kd4 67. f7 Rg1 68. f8=Q Rxg6+ 69. Ke7 Rc6 70. Kd7 Rc4 71. Kd6 Ke3 72.
Qh6+ Kd3 73. Qh3+ Ke2 74. Qg2+ Kd3 75. Qf3+ Kd2 76. Kd5 Rb4 77. Kc5 Ra4 78. Qf2+
Kd3 79. Qf1+ Kd2 80. Qf3 Kc2 81. Kb5 Rd4 82. Qf2+ Rd2 83. Qc5+ Kd3 84. Kb4 Rb2+
85. Ka3 Re2 86. Qd5+ Ke3 87. Kb3 Kf4 88. Kc3 Re3+ 89. Kd4 Re2 90. Qf7+ Kg3 91.
Kd3 Rf2 92. Qg6+ Kh4 93. Ke3 Rf1 94. Ke2 Rf4 95. Ke3 Rf1 96. Qe4+ Kg3 97. Qd5
Re1+ 98. Kd2 Rf1 99. Qg5+ Kh2 100. Qh4+ Kg2 101. Qg4+ Kh2 102. Qe2+ Kg1 103. Ke3
Rc1 104. Qf2+ Kh1 105. Qd2 Ra1 106. Qd5+ Kg1 107. Qg5+ Kh1 108. Qh6+ {Black
resigns} 1-0

[Event "Team 45 45 League T73"]
[Site "Internet Chess Club"]
[Date "2017.07.14"]
[Round "5"]
[White "ChessRooklift"]
[Black "jjfchess"]
[Result "0-1"]
[WhiteElo "1731"]
[BlackElo "1619"]
[Opening "Queen's bishop game"]
[ECO "D02"]
[Time "19:16:07"]
[TimeControl "2700+45"]

1. d4 d5 2. Nf3 Nf6 3. Bf4 c5 4. c3 Nc6 5. Nbd2 Qb6 6. Qb3 c4 7. Qc2 Nh5 8. Bg3
Nxg3 9. hxg3 g6 10. Nh4 Bg7 11. b3 cxb3 12. axb3 e5 13. e3 exd4 14. exd4 Nxd4
15. cxd4 Bxd4 16. O-O-O Be6 17. Nc4 dxc4 18. Bxc4 Rc8 19. Rhe1 O-O 20. Rxe6 fxe6
21. Rxd4 Qxd4 22. Bxe6+ Kh8 23. Bxc8 Rxf2 24. Qxf2 Qxf2 25. Bxb7 Qxg3 {White
resigns} 0-1

[Event "Team 45 45 League T73"]
[Site "Internet Chess Club"]
[Date "2017.07.17"]
[Round "5"]
[White "TheRailgun"]
[Black "SlimeDog2"]
[Result "1-0"]
[WhiteElo "1887"]
[BlackElo "2033"]
[Opening "Ruy Lopez: Berlin defense, open variation"]
[ECO "C67"]
[Time "21:03:50"]
[TimeControl "2700+45"]

1. e4 e5 2. Nf3 Nc6 3. Bb5 Nf6 4. O-O Nxe4 5. Re1 Nd6 6. Nxe5 Be7 7. Bd3 Nxe5 8.
Rxe5 O-O 9. Nc3 Ne8 10. b3 c6 11. Bb2 d5 12. Re1 Bf6 13. Qf3 Nd6 14. Ba3 Be6 15.
Re2 Qd7 16. h3 b5 17. Qf4 Rfd8 18. Rae1 h6 19. Nd1 a5 20. Bc5 Nb7 21. Bb6 Rdc8
22. Ne3 c5 23. Nf5 Bg5 24. Qe5 Bf6 25. Qf4 Qc6 26. Nxh6+ Kf8 27. Ng4 Bxg4 28.
hxg4 Qxb6 29. g5 Bb2 30. c3 Re8 31. Qh4 Rxe2 32. Qh8+ Ke7 33. Rxe2+ Kd6 34. Qxa8
{Black resigns} 1-0

[Event "Team 45 45 League T73"]
[Site "Internet Chess Club"]
[Date "2017.07.15"]
[Round "5"]
[White "searchforbobby1"]
[Black "laurenpar"]
[Result "1-0"]
[WhiteElo "2005"]
[BlackElo "1928"]
[Opening "French: Rubinstein variation"]
[ECO "C10"]
[Time "21:07:05"]
[TimeControl "2700+45"]

1. e4 e6 2. d4 d5 3. Nc3 dxe4 4. Nxe4 Nd7 5. Nf3 Ngf6 6. Nxf6+ Nxf6 7. Bg5 h6 8.
Bh4 c5 9. Bc4 a6 10. O-O cxd4 11. Qe2 Qb6 12. Rad1 Qxb2 13. Bxf6 gxf6 14. Nxd4
Be7 15. Rfe1 Qb6 16. Nf5 Bb4 17. Qh5 Qc6 18. Bxe6 Bxe6 19. Rxe6+ Qxe6 20. Ng7+
Ke7 21. Nxe6 fxe6 22. Qg4 {Black resigns} 1-0

[Event "Team 45 45 League T73"]
[Site "Internet Chess Club"]
[Date "2017.07.16"]
[Round "5"]
[White "achessman"]
[Black "ChessHouston"]
[Result "1-0"]
[WhiteElo "1877"]
[BlackElo "1627"]
[Opening "English opening"]
[ECO "A05"]
[Time "21:32:17"]
[TimeControl "2700+45"]

1. Nf3 Nf6 2. c4 g6 3. g3 c5 4. Bg2 Nc6 5. d4 cxd4 6. Nxd4 Bg7 7. O-O O-O 8. Nc3
Qb6 9. e3 d6 10. b3 Bd7 11. Bb2 Rac8 12. Qd2 a6 13. Rfd1 Rfd8 14. Rac1 Bg4 15.
Re1 e5 16. Nde2 Ne7 17. e4 Be6 18. h3 h5 19. Rcd1 Kh7 20. Bc1 Neg8 21. Ba3 Ne8
22. Nd5 Bxd5 23. Qxd5 Nh6 24. Nc3 Rc6 25. Qd3 Qa5 26. Bc1 b5 27. Bf1 bxc4 28.
bxc4 Nc7 29. Bd2 Ne6 30. Nd5 Qa4 31. Rb1 Nd4 32. Rec1 Qxa2 33. Nb4 Qxd2 34. Qxd2
Nf3+ 35. Kg2 Nxd2 36. Nxc6 Rc8 37. Rb6 Nxe4 38. Ne7 Rc5 39. Bd3 Nd2 40. Rxd6 Bf8
41. Rd7 Bg7 42. Nd5 Nb3 43. Rb1 Nd2 44. Rb4 e4 45. Be2 Bf8 46. Nf6+ Kg7 47. Ne8+
Kh8 48. Rxd2 Rc8 49. Nd6 Rc6 50. Rb8 {Black resigns} 1-0

[Event "Team 45 45 League T73"]
[Site "Internet Chess Club"]
[Date "2017.07.14"]
[Round "5"]
[White "Tobiasdelmonte"]
[Black "primerpaso"]
[Result "0-1"]
[WhiteElo "1585"]
[BlackElo "1842"]
[Opening "Queen's pawn game"]
[ECO "E10"]
[Time "22:04:18"]
[TimeControl "2700+45"]

1. d4 Nf6 2. c4 e6 3. Nf3 d5 4. e3 Be7 5. Bd3 c5 6. cxd5 Nxd5 7. O-O O-O 8. Nc3
Nc6 9. e4 Ndb4 10. d5 Nxd3 11. Qxd3 Nb4 12. Qd1 exd5 13. exd5 Bf5 14. Bf4 Bd3
15. Re1 c4 16. d6 Bxd6 17. Bxd6 Qxd6 18. Rc1 Rfe8 19. a3 Nd5 {Anonymous or guest
player White disconnected and forfeits} 0-1

[Event "Team 45 45 League T73"]
[Site "Internet Chess Club"]
[Date "2017.07.16"]
[Round "5"]
[White "VictorRed"]
[Black "Ajolote"]
[Result "1/2-1/2"]
[WhiteElo "1716"]
[BlackElo "1750"]
[Opening "QGD: classical variation (5.Bf4)"]
[ECO "D37"]
[Time "20:04:36"]
[TimeControl "2700+45"]

1. d4 d5 2. Nf3 e6 3. c4 Nf6 4. Nc3 Be7 5. Bf4 O-O 6. Qc2 a6 7. cxd5 exd5 8. e3
b5 9. Bd3 Nbd7 10. Ne2 c5 11. dxc5 Nxc5 12. Ned4 Qa5+ 13. Kf1 Bb7 14. Nf5 Qd8
15. Be2 Rc8 16. Qd1 Nfe4 17. Nxe7+ Qxe7 18. Nd4 g5 19. Bg3 Qf6 20. Bf3 Rfe8 21.
Kg1 Na4 22. Rb1 Nb6 23. Rc1 Rxc1 24. Qxc1 Rc8 25. Qd1 Nc4 26. Bxe4 dxe4 27. b3
Nb2 28. Qd2 Nd3 29. h3 h5 30. h4 g4 31. Ne2 Qc6 32. Kh2 Qc2 33. Rd1 Qxd2 34.
Rxd2 Kg7 35. Nf4 Nxf4 36. Bxf4 Bc6 37. Be5+ f6 38. Bb2 Be8 39. Rd6 Rc6 40. Bxf6+
Kf7 41. Rxc6 Bxc6 42. Bb2 Ke6 43. Kg1 Kd5 44. Kf1 Kc5 45. Ba3+ b4 46. Bb2 Bb5+
47. Ke1 Bd3 48. Kd2 Bf1 49. g3 a5 50. Bg7 Ba6 51. Kc2 Bb7 52. Kb2 Bd5 53. Bf8+
Kb5 54. Be7 Be6 55. Bd8 Bd5 56. a3 Be6 {Game drawn by mutual agreement} 1/2-1/2

[Event "Team 45 45 League T73"]
[Site "Internet Chess Club"]
[Date "2017.07.17"]
[Round "5"]
[White "Skeptic1972"]
[Black "Andaluz"]
[Result "1-0"]
[WhiteElo "1476"]
[BlackElo "1307"]
[Opening "Sicilian: closed"]
[ECO "B23"]
[Time "14:05:43"]
[TimeControl "2700+45"]

1. e4 c5 2. Nc3 e6 3. Nge2 Nc6 4. g3 Nf6 5. Bg2 Be7 6. O-O O-O 7. d3 d5 8. exd5
Nxd5 9. Nxd5 exd5 10. Nf4 d4 11. Nd5 Bd6 12. Qh5 Be6 13. Re1 Bxd5 14. Bxd5 Qd7
15. Be4 Nb4 16. Qxh7# {Black checkmated} 1-0

[Event "Team 45 45 League T73"]
[Site "Internet Chess Club"]
[Date "2017.07.17"]
[Round "5"]
[White "olivermx"]
[Black "nidusin2"]
[Result "0-1"]
[WhiteElo "1342"]
[BlackElo "1543"]
[Opening "Pirc defense"]
[ECO "B07"]
[Time "22:04:07"]
[TimeControl "2700+45"]

1. e4 d6 2. d4 Nf6 3. Bd3 Nbd7 4. Nf3 e5 5. dxe5 dxe5 6. Be3 Ng4 7. Qd2 Nxe3 8.
Qxe3 Bb4+ 9. c3 Bc5 10. Qe2 O-O 11. O-O c6 12. Nbd2 Qc7 13. Nc4 b5 14. Ne3 Re8
15. b4 Bf8 16. a4 bxa4 17. Rxa4 a5 18. Rfa1 Bb7 19. Rxa5 Rxa5 20. Rxa5 c5 21.
Qb2 cxb4 22. cxb4 Qd6 23. Bb5 f6 24. Bxd7 Qxd7 25. Nd5 Bxd5 26. Rxd5 Qc6 27. Qb3
Kh8 28. h3 g6 29. Qd3 Bxb4 30. Qb5 Qxb5 31. Rxb5 Bc3 32. Rc5 Bb4 33. Rc6 Kg7 34.
Rc7+ Be7 35. g4 h6 36. Kg2 Kf7 37. h4 Ke6 38. Rc6+ Kd7 39. Rc3 Rb8 40. g5 hxg5
41. hxg5 Rb4 42. gxf6 Bxf6 43. Re3 Ke6 44. Nh2 Bg5 45. Re2 Bf4 46. f3 Kf6 47.
Ng4+ Kg5 48. Nf2 Rb3 49. Nh3+ Kf6 50. Nxf4 exf4 51. e5+ Ke6 52. Kh3 Rxf3+ 53.
Kg4 Rf1 54. Re4 f3 55. Rf4 f2 56. Kg3 Kxe5 57. Rxf2 Rxf2 58. Kxf2 Kf4 59. Kg2
Kg4 60. Kh2 Kf3 61. Kg1 Kg3 62. Kh1 g5 63. Kg1 g4 64. Kh1 Kf2 {White resigns}
0-1

[Event "Team 45 45 League T73"]
[Site "Internet Chess Club"]
[Date "2017.07.16"]
[Round "5"]
[White "Egmont"]
[Black "pishd"]
[Result "0-1"]
[WhiteElo "1692"]
[BlackElo "1789"]
[Opening "Trompowsky attack (Ruth, Opocenský opening)"]
[ECO "A45"]
[Time "10:10:08"]
[TimeControl "2700+45"]

1. d4 Nf6 2. Bg5 c6 3. e3 Qa5+ 4. Nd2 Qxg5 5. c4 d5 6. Ngf3 Qh6 7. Bd3 e6 8. a3
Bd6 9. h3 Nbd7 10. b4 a6 11. O-O g5 12. c5 Bc7 13. e4 g4 14. hxg4 Nxg4 15. Re1
Bh2+ 16. Kf1 Ndf6 17. e5 Bg3 18. fxg3 Qh1+ 19. Ng1 Nh2+ 20. Ke2 Qxg2+ {White
resigns} 0-1

[Event "Team 45 45 League T73"]
[Site "Internet Chess Club"]
[Date "2017.07.17"]
[Round "5"]
[White "GrandUnified"]
[Black "zugknightly"]
[Result "1-0"]
[WhiteElo "1604"]
[BlackElo "1660"]
[Opening "Grünfeld: Three knights variation"]
[ECO "D90"]
[Time "20:02:23"]
[TimeControl "2700+45"]

1. Nf3 d5 2. d4 g6 3. c4 Nf6 4. Nc3 Bg7 5. b3 O-O 6. e3 c5 7. Be2 cxd4 8. exd4
Nc6 9. Be3 Ne4 10. Nxd5 e5 11. O-O Be6 12. dxe5 Nxe5 13. Rc1 Nc6 14. g3 h6 15.
Nh4 Bxd5 16. cxd5 Nb4 17. Bf3 Re8 18. Rc4 Nc3 19. Qd2 Nbxd5 20. Bxh6 Bf6 21. Rg4
Ne7 22. Qc2 Kh7 23. Be3 Ncd5 24. Be4 Nxe3 25. fxe3 Bxh4 26. Rxh4+ Kg7 27. Qc3+
{Black forfeits on time} 1-0

[Event "Team 45 45 League T73"]
[Site "Internet Chess Club"]
[Date "2017.07.16"]
[Round "5"]
[White "RD1974"]
[Black "Demachaeron"]
[Result "0-1"]
[WhiteElo "1558"]
[BlackElo "1581"]
[Opening "Scandinavian (center counter) defense"]
[ECO "B01"]
[Time "20:09:58"]
[TimeControl "2700+45"]

1. e4 d5 2. exd5 Qxd5 3. Nc3 Qa5 4. d4 Nf6 5. Bc4 Bf5 6. Nf3 Nc6 7. Bd2 e6 8.
Nd5 Bb4 9. Nxb4 Nxb4 10. a3 Nxc2+ 11. Kf1 Qb6 12. Ra2 O-O 13. b4 Nxd4 14. Be3
Rad8 15. Bxd4 e5 16. Nxe5 Qxd4 17. Qxd4 Rxd4 18. Be2 Rfd8 19. f3 Rd1+ 20. Bxd1
Rxd1+ 21. Kf2 Rxh1 22. Rd2 g6 23. Rd8+ Kg7 24. g4 Be6 25. g5 Nd5 26. Kg3 Rg1+
27. Kh4 Rg2 28. Ng4 Bxg4 29. fxg4 Nb6 30. Kh3 Ra2 31. Rd3 Nc4 32. Rd7 Rxa3+ 33.
Kg2 Rb3 34. Rxc7 Rxb4 35. h3 a5 36. Kf2 a4 37. Rc8 b6 38. Ra8 Na5 39. h4 Rxg4
40. Ra6 Rb4 41. h5 gxh5 {White resigns} 0-1

[Event "Team 45 45 League T73"]
[Site "Internet Chess Club"]
[Date "2017.07.15"]
[Round "5"]
[White "tuotuo123"]
[Black "zepled37"]
[Result "0-1"]
[WhiteElo "1446"]
[BlackElo "1712"]
[Opening "Sicilian: Taimanov (Bastrikov) variation"]
[ECO "B47"]
[Time "08:09:16"]
[TimeControl "2700+45"]

1. e4 c5 2. Nf3 e6 3. d4 cxd4 4. Nxd4 Nc6 5. Nc3 Qc7 6. Be2 a6 7. O-O Nf6 8.
Nxc6 dxc6 9. Be3 b5 10. f4 b4 11. e5 Nd5 12. Nxd5 cxd5 13. Bd4 Bc5 14. Bg4 h5
15. Bh3 a5 16. f5 exf5 17. Bxf5 Be6 18. Bxe6 fxe6 19. Qd3 Bxd4+ 20. Qxd4 Qa7 21.
Qxa7 Rxa7 22. Rad1 Rc7 23. Rd2 Rf8 24. Rxf8+ Kxf8 25. Rf2+ Ke7 26. g3 Rc4 27.
Re2 Kf7 28. a3 bxa3 29. bxa3 Kg6 30. Rf2 Re4 31. Rf4 Rxf4 32. gxf4 Kf5 33. Kf2
Kxf4 34. c3 g5 35. a4 Ke4 36. Ke2 g4 37. Kf2 h4 38. Kg2 Kxe5 39. h3 gxh3+ 40.
Kxh3 Ke4 41. Kxh4 Kd3 42. Kg4 e5 43. Kf5 e4 44. Ke5 e3 45. Kxd5 Kxc3 {White
resigns} 0-1

[Event "Team 45 45 League T73"]
[Site "Internet Chess Club"]
[Date "2017.07.16"]
[Round "5"]
[White "justice02"]
[Black "kwen2008"]
[Result "1-0"]
[WhiteElo "1674"]
[BlackElo "1574"]
[Opening "Ruy Lopez: 5.O-O"]
[ECO "C78"]
[Time "20:30:57"]
[TimeControl "2700+45"]

1. e4 e5 2. Nf3 Nc6 3. Bb5 a6 4. Ba4 Nf6 5. O-O b5 6. Bb3 Bc5 7. d3 O-O 8. Nxe5
Nxe5 9. d4 Bxd4 10. Qxd4 d6 11. c3 Bb7 12. f3 c5 13. Qe3 Re8 14. Rd1 Qc7 15. Nd2
Ng6 16. Qg5 Qb6 17. Nf1 h6 18. Qxg6 c4+ 19. Be3 cxb3 20. Qxf6 Qxe3+ 21. Nxe3
gxf6 22. Rxd6 bxa2 23. Rxa2 Kg7 24. Ra1 Rad8 25. Rad1 Rxd6 26. Rxd6 Re6 27. Nf5+
Kg6 28. Rd7 Bc6 29. Rc7 Be8 30. b4 Rc6 31. Rxc6 Bxc6 32. Ne7+ Kg7 33. Nxc6 Kg6
34. Nb8 f5 35. exf5+ Kxf5 36. Nxa6 h5 37. Nc7 h4 38. Nxb5 h3 39. g3 f6 40. Nd4+
Ke5 41. b5 f5 42. Kf2 f4 43. gxf4+ Kxf4 44. b6 Ke5 45. b7 Kd6 46. b8=Q+ Kd7 47.
Ke3 Ke7 48. Ke4 Kd7 49. Ke5 Ke7 50. Qd6+ Ke8 51. Nf5 Kf7 52. Qf6+ Kg8 53. Qg7#
{Black checkmated} 1-0

[Event "Team 45 45 League T73"]
[Site "Internet Chess Club"]
[Date "2017.07.13"]
[Round "5"]
[White "bobhill"]
[Black "Fianchettoed"]
[Result "1/2-1/2"]
[WhiteElo "1870"]
[BlackElo "1803"]
[Opening "King's Indian: Torre attack"]
[ECO "A48"]
[Time "18:31:59"]
[TimeControl "2700+45"]

1. d4 Nf6 2. Nf3 g6 3. Bg5 Bg7 4. Nbd2 d5 5. e3 O-O 6. Bd3 Nbd7 7. c4 c6 8. O-O
Re8 9. Qb3 e5 10. dxe5 Nxe5 11. Nxe5 Rxe5 12. Nf3 Re8 13. Rfd1 Qb6 14. h3 Be6
15. Rab1 Ne4 16. Bxe4 dxe4 17. Nd4 h6 18. Nxe6 Rxe6 19. Bf4 Qxb3 20. axb3 Re7
21. Rd2 f5 22. Rbd1 Kf7 23. Rd7 Ke8 24. Rxe7+ Kxe7 25. Bd6+ Ke6 26. Ba3 Bf8 27.
f3 exf3 28. gxf3 Bxa3 29. bxa3 Ke7 30. Kf2 Rd8 31. Rxd8 Kxd8 32. Kg3 Ke7 33. f4
Ke6 34. Kf3 Kf6 35. b4 b6 36. a4 c5 37. bxc5 bxc5 38. e4 fxe4+ 39. Kxe4 Ke6 40.
h4 a5 41. Ke3 Kf6 42. Ke4 Ke6 43. Ke3 Kf6 44. Ke4 {Game drawn by mutual
agreement} 1/2-1/2

[Event "Team 45 45 League T73"]
[Site "Internet Chess Club"]
[Date "2017.07.13"]
[Round "5"]
[White "bradleyguo175"]
[Black "parrot9"]
[Result "0-1"]
[WhiteElo "1665"]
[BlackElo "1677"]
[Opening "QGD Slav: 4.e3"]
[ECO "D11"]
[Time "13:34:26"]
[TimeControl "2700+45"]

1. d4 d5 2. c4 c6 3. e3 Nf6 4. Nf3 e6 5. Bd3 dxc4 6. Bxc4 b5 7. Bd3 a6 8. Nc3
Bb7 9. O-O Nbd7 10. e4 c5 11. d5 c4 12. Bc2 b4 13. dxe6 fxe6 14. Na4 Be7 15. Ng5
Ne5 16. Nxe6 Qa5 17. f4 Nd3 18. Bxd3 cxd3 19. Qxd3 Bxe4 20. Qd4 Qxa4 21. Nc7+
Kf8 22. Nxa8 Bxa8 23. Re1 Qc6 24. Qa7 Bc5+ 25. Qxc5+ Qxc5+ {White resigns} 0-1

[Event "Team 45 45 League T73"]
[Site "Internet Chess Club"]
[Date "2017.07.14"]
[Round "5"]
[White "Gojira"]
[Black "pokerram"]
[Result "1-0"]
[WhiteElo "1638"]
[BlackElo "1576"]
[Opening "Queen's pawn: London system"]
[ECO "A45"]
[Time "22:01:33"]
[TimeControl "2700+45"]

1. d4 Nf6 2. Bf4 g6 3. e3 Bg7 4. Be2 O-O 5. h3 d6 6. Nf3 c5 7. c3 Qb6 8. Qb3 Be6
9. dxc5 Qxc5 10. Qxb7 Bd5 11. Qxe7 Ne4 12. Nbd2 Bxc3 13. bxc3 Qxc3 14. Rd1 Nc6
15. Qh4 Nb4 16. O-O Nxa2 17. Nxe4 Bxe4 18. Bh6 Rfe8 19. Rd4 d5 20. Qf6 {Black
resigns} 1-0

[Event "Team 45 45 League T73"]
[Site "Internet Chess Club"]
[Date "2017.07.15"]
[Round "5"]
[White "cadmiumorange"]
[Black "zap2"]
[Result "1/2-1/2"]
[WhiteElo "1799"]
[BlackElo "1741"]
[Opening "Réti opening"]
[ECO "A04"]
[Time "08:01:18"]
[TimeControl "2700+45"]

1. Nf3 d6 2. g3 g6 3. Bg2 Bg7 4. O-O c5 5. d3 Nc6 6. e4 e6 7. Nbd2 Nge7 8. c3
O-O 9. Re1 Rb8 10. a4 b6 11. Nf1 a6 12. h4 b5 13. axb5 axb5 14. Bg5 b4 15. Qd2
Qc7 16. Bh6 e5 17. N1h2 Be6 18. h5 bxc3 19. bxc3 Rb6 20. Bxg7 Kxg7 21. Ng5 Qd7
22. h6+ Kg8 23. f4 f6 24. Nxe6 Qxe6 25. Rf1 Rfb8 26. f5 Qf7 27. fxg6 {Game drawn
by mutual agreement} 1/2-1/2

[Event "Team 45 45 League T73"]
[Site "Internet Chess Club"]
[Date "2017.07.15"]
[Round "5"]
[White "idjit"]
[Black "PolishRyszard"]
[Result "0-1"]
[WhiteElo "1623"]
[BlackElo "1825"]
[Opening "Sicilian: dragon, 6.Be3"]
[ECO "B72"]
[Time "15:05:05"]
[TimeControl "2700+45"]

1. e4 c5 2. Nf3 d6 3. d4 cxd4 4. Nxd4 Nf6 5. Nc3 g6 6. Be3 Bg7 7. f4 O-O 8. Be2
Nc6 9. O-O Qb6 10. Na4 Qb4 11. c3 Qa5 12. b4 Qc7 13. Qd3 Bd7 14. f5 Nxd4 {White
resigns} 0-1